 Dungeon Crawl Stone Soup version 0.31.0-4-g52a2dc7128 (webtiles) character file.

Game seed: 15420571074502006266

231 hawla the Firebug (level 5, -1/28 HPs)
             Began as a Deep Elf Fire Elementalist on Jan 22, 2024.
             Was an Initiate of Vehumet.
             Killed by miscasting Flame Wave (11 damage)
             ... on level 4 of the Dungeon.
             The game lasted 00:12:48 (3692 turns).

hawla the Firebug (Deep Elf Fire Elementalist)      Turns: 3692, Time: 00:12:48

Health: -1/28      AC:  5    Str: 11    XL:     5   Next: 73%
Magic:  4/12       EV: 13    Int: 22    God:    Vehumet [......]
Gold:   80         SH:  0    Dex: 14    Spells: 1/11 levels left

rFire   . . .        i - +2 rapier "Hommush" {flame, *Corrode rElec Int+3 Stlth+}
rCold   + . .        (no shield)
rNeg    . . .        a - +0 robe
rPois   .            (no helmet)
rElec   +            d - +0 cloak
rCorr   .            l - +1 pair of gloves
SInv    .            (no boots)
Will    .....        (no amulet)
Stlth   +++          (no ring)
HPRegen 0.24/turn    (no ring)
MPRegen 0.13/turn

%: corrode self (3%)
@: very slightly contaminated
A: cold resistance 1, strong 1
a: Renounce Religion


You were on level 4 of the Dungeon.
You worshipped Vehumet.
Vehumet was noncommittal.
You visited 2 branches of the dungeon, and saw 5 of its levels.

You collected 149 gold pieces.
You spent 69 gold pieces at shops.

Inventory:

Hand Weapons
 h - a +1 quarterstaff
 i - the +2 rapier "Hommush" (weapon) {flame, *Corrode rElec Int+3 Stlth+}
   (You found it on level 2 of the Dungeon)

   Int+3:     It affects your intelligence (+3).
   rElec:     It insulates you from electricity.
   *Corrode:  It may corrode you when you take damage.
   Stlth+:    It makes you more stealthy.
Armour
 a - a +0 robe (worn)
 d - a +0 cloak (worn)
 l - a +1 pair of gloves (worn)
Jewellery
 e - a ring of ice
Wands
 c - a wand of paralysis (8)
Potions
 f - a potion of heal wounds
 g - 2 potions of haste
 j - a potion of mutation
 k - a potion of curing {unknown}


   Skills:
 - Level 0.9 Fighting
 - Level 1.8 Short Blades
 - Level 1.9 Staves
 - Level 3.1 Dodging
 - Level 3.2 Stealth
 - Level 3.5 Spellcasting
 - Level 3.6 Conjurations
 - Level 3.6 Fire Magic
 + Level 0.1 Earth Magic


You had one spell level left.
You knew the following spells:

 Your Spells              Type           Power      Damage    Failure   Level
a - Foxfire               Conj/Fire      76%        2x1d7     2%          1
b - Scorch                Fire           40%        2d6       4%          2
c - Flame Wave            Conj/Fire      19%        2d7       26%         4
d - Stone Arrow           Conj/Erth      24%        3d8       16%         3

Your spell library contained the following spells:

 Spells                   Type           Power      Damage    Failure   Level
 Sting                    Conj/Alch      44%        1d5       5%          1
 Sandblast                Erth           8%         2d5       11%         1
 Apportation              Tloc           6%         N/A       12%         1
 Necrotise                Necr           12%        1d4       12%         1
 Slow                     Hex            12%        N/A       12%         1
 Summon Small Mammal      Summ           12%        N/A       12%         1
 Hailstorm                Conj/Ice       11%        3d6       17%         3
 Inner Flame              Hex/Fire       11%        N/A       17%         3
 Volatile Blastmotes      Fire/Tloc      22%        2d11      17%         3
 Mercury Vapours          Alch/Air       6%         N/A       19%         2
 Mephitic Cloud           Conj/Alch/Air  9%         N/A       22%         3
 Passwall                 Erth           4%         N/A       32%         3
 Confusing Touch          Hex            3%         N/A       34%         3
 Sigil of Binding         Hex            3%         N/A       34%         3
 Summon Ice Beast         Ice/Summ       3%         N/A       34%         3
 Vampiric Draining        Necr           3%         2d6       34%         3
 Brom's Barrelling Bould  Conj/Erth      12%        2d4       47%         4
 Olgreb's Toxic Radiance  Alch           3%         N/A       75%         4
 Freezing Cloud           Conj/Ice/Air   4%         6-21      89%         5
 Sculpt Simulacrum        Ice/Alch       1%         N/A       100%        6


Dungeon Overview and Level Annotations

Branches:
Dungeon (4/15)             Temple (1/1) D:4

Altars:
Ashenzari
Elyvilon
Gozag
Kikubaaqudgha
Makhleb
Ru
Uskayaw
Vehumet
Wu Jian
Xom
Yredelemnul
Zin

Shops:
D:2 [*!?:

Annotations:
D:4 Pikel


Innate Abilities, Weirdness & Mutations

Your flesh is cold resistant. (rC+)
Your muscles are strong. (Str +4, Int/Dex -1)


Message History

Confirm with . or Enter, or press ? or * to list all spells.
Flames lash the lemure.
The lemure is heavily wounded.
The lemure's fire resistance burns away.
Unknown command.
Casting: Scorch (safe; 4% risk of failure)
Confirm with . or Enter, or press ? or * to list all spells.
Flames lash the lemure.
The lemure is moderately wounded.
The lemure's fire resistance burns away.
Pikel hits you with a +2 whip of freezing.
Casting: Scorch (safe; 4% risk of failure)
Confirm with . or Enter, or press ? or * to list all spells.
Flames lash the lemure but do no damage.
The lemure hits you.
Unknown command.
Magic courses through your body.
Pikel hits you with a +2 whip of freezing.
The lemure hits you.
Casting: Scorch (safe; 4% risk of failure)
Confirm with . or Enter, or press ? or * to list all spells.
Casting: Flame Wave (astonishingly dangerous; 26% risk of failure)
Press: ? - help, Dir - look around, f - activate You miscast Flame Wave.
You are very lightly contaminated with residual magic.
Nothing appears to happen.
The lemure is no longer more vulnerable to fire.
The lemure hits you but does no damage. The lemure misses you.
Pikel barely misses you.
You hit the lemure. You burn the lemure.
The lemure is severely wounded.
You feel yourself slow down. The lemure completely misses you.
The lemure hits you but does no damage.
Okay, then.
Casting: Flame Wave (astonishingly dangerous; 26% risk of failure)
Confirm with . or Enter, or press ? or * to list all spells.
Casting: Flame Wave (astonishingly dangerous; 26% risk of failure)
Press: ? - help, Dir - look around, f - activate You miscast Flame Wave.
The air around you burns with energy!
You die...

'.... #.....+ #... #.....# #
#.....#
###+#####+###.....###########
............................#
........?...................#
.....5......................#
...............55...........#
#.#$...........5@K..).......#
.....################+##+####
#.#..# .....# .....# .....#
.....# .....# .....


You could see Pikel and 3 lemures.

Vanquished Creatures
  A lemure (D:4)
  A bombardier beetle (D:3)
  A hound (D:4)
  Ijyb (D:3)
  3 gnolls (D:3)
  4 adders
  2 dart slugs (D:1)
  3 endoplasms
  2 giant cockroaches
  6 goblins
  7 hobgoblins
  4 jackals (D:3)
  9 kobolds
  5 quokkas
  11 ball pythons
  6 bats
  5 frilled lizards
  5 rats
76 creatures vanquished.

Vanquished Creatures (others)
  A quokka (D:3)
  A kobold (D:3)
  118 foxfires
120 creatures vanquished.

Grand Total: 196 creatures vanquished

Notes
Turn   | Place    | Note
-------+----------+-------------------------------------------
     0 | D:1      | hawla the Deep Elf Fire Elementalist began the quest for
                  | the Orb.
     0 | D:1      | Reached XP level 1. HP: 10/10 MP: 6/6
   124 | D:1      | Reached XP level 2. HP: 16/16 MP: 2/8
   127 | D:1      | Learned a level 2 spell: Scorch
   269 | D:1      | Found a faded altar of an unknown god.
   791 | D:1      | Reached XP level 3. HP: 20/20 MP: 7/9
  1319 | D:2      | Found Cuch's Distillery.
  1384 | D:2      | Bought a potion of lignification for 39 gold pieces
  1844 | D:2      | Found Lufahu Gadad's Antique Armour Shoppe.
  1948 | D:2      | Found Quppo's Assorted Antiques.
  2074 | D:2      | Found Galer's Magic Scroll Shoppe.
  2099 | D:2      | Bought a scroll of teleportation for 30 gold pieces
  2105 | D:2      | Identified the +2 rapier "Hommush" {flame, *Corrode rElec
                  | Int+3 Stlth+}
  2147 | D:2      | Found Tiapn's Book Shop.
  2304 | D:3      | Reached XP level 4. HP: 24/24 MP: 6/11
  2312 | D:2      | Learned a level 4 spell: Flame Wave
  2326 | D:2      | You fall into a shaft and drop 2 floors!
  2445 | D:4      | Found a staircase to the Ecumenical Temple.
  2541 | D:3      | Gained mutation: Your flesh is cold resistant. (rC+)
                  | [potion of mutation]
  2541 | D:3      | Gained mutation: Your muscles are strong. (Str +4, Int/Dex
                  | -1) [potion of mutation]
  2551 | D:3      | Reached XP level 5. HP: 6/28 MP: 4/12
  2749 | D:3      | Reached skill level 1 in Staves
  2827 | D:3      | Reached skill level 1 in Short Blades
  3276 | D:3      | Noticed Ijyb
  3282 | D:3      | Killed Ijyb
  3450 | Temple   | Entered the Ecumenical Temple
  3456 | Temple   | Became a worshipper of Vehumet
  3616 | D:4      | Learned a level 3 spell: Stone Arrow
  3626 | D:4      | Noticed a lemure
  3627 | D:4      | Noticed a lemure
  3628 | D:4      | Noticed a lemure
  3629 | D:4      | Noticed Pikel
  3631 | D:4      | Noticed a lemure
  3680 | D:4      | Killed a lemure
  3692 | D:4      | Killed by miscasting Flame Wave

Illustrated notes

Levels and vault maps discovered:
D:1:      orjb1_clovarrival, layout_basic, nicolae_ecumenical_lake_church
D:2:      layout_basic, serial_shops, shop_statue, shop,
          nicolae_shop_tiny_waterfront, shop, shop
D:3:      layout_loops_cross, lemuel_flame_loot_1, uniq_ijyb
D:4:      layout_gridville, minmay_temple_entry_purple_smoke, serial_glass,
          glass_columns_c, glass_columns_a, glass_columns_c, glass_columns_a,
          glass_columns_c, glass_columns_a, glass_columns_a, glass_columns_a,
          minmay_box_of_dots, uniq_pikel
Temple:   hellmonk_temple_two_chambers

Skill      XL: |  1  2  3  4  5 |
---------------+----------------+-----
Stealth        | 3 |  3.2
Dodging        | 3 |  3.1
Conjurations   | 2 3 |  3.6
Staves         | 1 |  1.9
Short Blades   | 1 |  1.8
Fighting       | |  0.9
Spellcasting   | |  3.5
Fire Magic     | |  3.6
Earth Magic    | |  0.1

Action                     |  1- 3 |  4- 6 || total
---------------------------+-------+-------++-------
  Melee: Unarmed           |     2 |       ||     2
         Quarterstaff      |    21 |       ||    21
         Rapier            |       |    38 ||    38
   Cast: Foxfire           |    47 |    21 ||    68
         Scorch            |    12 |     9 ||    21
         Flame Wave        |       |     2 ||     2
    Use: Scroll            |     4 |     2 ||     6
         Potion            |       |     5 ||     5
   Stab: Sleeping          |     3 |     1 ||     4
 Armour: Robe              |    17 |    34 ||    51
         Skin              |       |    12 ||    12
  Dodge: Dodged            |    24 |    41 ||    65
